 Dungeon Crawl Stone Soup version 0.20.1-1-g8b1a95d (webtiles) character file.

29721 vatarom the Grappler (level 13, -14/133 HPs)
             Began as a Troll Transmuter on Sept 10, 2017.
             Was an Elder of Ashenzari.
             Demolished by a komodo dragon (17 damage)
             ... on level 4 of the Lair of Beasts.
             The game lasted 00:33:03 (15330 turns).

vatarom the Grappler (Troll Transmuter)            Turns: 15330, Time: 00:33:03

Health: -14/133    AC: 10    Str: 23    XL:     13   Next: 16%
Magic:  13/13      EV: 14    Int: 13    God:    Ashenzari [****..]
Gold:   912        SH:  4    Dex: 10    Spells: 8/14 levels left

rFire    . . .     SeeInvis +     - Unarmed
rCold    . . .     Gourm    +   (no shield)
rNeg     . . .     Faith    .   U - +3 robe of Clouds {+Fly rElec} (curse)
rPois    .         Spirit   .   (helmet restricted)
rElec    +         Reflect  +   y - +1 cloak (curse)
rCorr    .         Harm     .   (gloves unavailable)
MR       .....     Clarity  +   (boots unavailable)
Stlth    +.........             j - +4 amulet of reflection (curse)
Regen    0.8/turn               i - +3 ring of slaying (curse)
MPRegen  0.2/turn               t - +2 ring of strength (curse)

@: lethally poisoned (-14 -> -22)
A: unfitting armour, claws 3, fast metabolism 3, gourmand, regeneration 1,
shaggy fur 1, tough skin 2
a: Curse Item, Scrying, Renounce Religion, Evoke Flight


You were on level 4 of the Lair of Beasts.
You worshipped Ashenzari.
Ashenzari was greatly pleased with you.
You were completely stuffed.

You visited 3 branches of the dungeon, and saw 17 of its levels.
You also visited: Labyrinth.

You collected 982 gold pieces.
You spent 70 gold pieces at shops.

Inventory:

Hand Weapons
 S - the +8 flail of the Eternal Warrior {drain, rElec MR+ Str+2 Int+5}
   (You found it in a labyrinth)

   A truly terrible weapon, it drains the life of those it strikes.
   It affects your strength (+2).
   It affects your intelligence (+5).
   It insulates you from electricity.
   It affects your resistance to hostile enchantments.
Missiles
 a - 255 arrows
 D - 15 javelins (quivered)
 K - 21 tomahawks
 L - 5 poisoned tomahawks
Armour
 y - a cursed +1 cloak (worn)
 T - the cursed +1 robe of Pira {*Slow rElec rCorr SInv}
   (You found it in a labyrinth)

   It insulates you from electricity.
   It lets you see invisible.
   It protects you from acid and corrosion.
   It may slow you when you take damage.
   It has a curse placed upon it.
 U - the cursed +3 robe of Clouds (worn) {+Fly rElec}
   (You found it on level 3 of the Lair of Beasts)

   It insulates you from electricity.
   It lets you fly.
   It has a curse placed upon it.
Jewellery
 i - a cursed +3 ring of slaying (left claw)
 j - a cursed +4 amulet of reflection (around neck)
 t - a cursed +2 ring of strength (right claw)
 B - an uncursed ring of poison resistance
Wands
 n - a wand of digging (4/24)
 q - a wand of iceblast (9/15)
 x - a wand of polymorph (13/24)
 C - a wand of polymorph (12/24)
 E - a wand of enslavement (8/24)
 O - a wand of flame (25/48)
 P - a wand of digging (10/24)
 X - a wand of disintegration (14/24)
Scrolls
 f - 4 scrolls of teleportation
 g - 5 scrolls of magic mapping
 h - 4 scrolls of enchant weapon
 k - a scroll of fog
 u - a scroll of enchant armour
 G - 3 scrolls of identify
 I - a scroll of silence
 J - 2 scrolls of summoning
 Y - 3 scrolls of amnesia
Potions
 s - 2 potions of resistance
 H - a potion of brilliance
 M - 2 potions of magic
 V - a potion of flight
 Z - a potion of haste
Books
 c - a book of Changes

   Spells                             Type                      Level
   a - Beastly Appendage              Transmutation                1
   b - Sticks to Snakes               Transmutation                2
   c - Spider Form                    Transmutation/Poison         3
   d - Ice Form                       Ice/Transmutation            4
   e - Blade Hands                    Transmutation                5
 z - a book of Party Tricks

   Spells                             Type                      Level
   a - Summon Butterflies             Summoning                    1
   b - Apportation                    Translocation                1
   c - Lesser Beckoning               Translocation                3
   d - Tukima's Dance                 Hexes                        3
   e - Alistair's Intoxication        Transmutation/Poison         5
   f - Invisibility                   Hexes                        6
 Q - a book of Geomancy

   Spells                             Type                      Level
   a - Sandblast                      Earth                        1
   b - Passwall                       Transmutation/Earth          2
   c - Stone Arrow                    Conjuration/Earth            3
   d - Petrify                        Transmutation/Earth          4
   e - Lee's Rapid Deconstruction     Earth                        5
 R - a book of Power

   Spells                             Type                      Level
   a - Iskenderun's Battlesphere      Conjuration/Charms           5
   b - Venom Bolt                     Conjuration/Poison           5
   c - Bolt of Magma                  Conjuration/Fire/Earth       5
   d - Iron Shot                      Conjuration/Earth            6
   e - Orb of Destruction             Conjuration                  7
   f - Spellforged Servitor           Conjuration/Summoning        7
Miscellaneous
 m - a lightning rod (2/4)
 w - a box of beasts
Comestibles
 b - 7 chunks of flesh
 d - 11 bread rations
 p - 10 fruits
 r - a meat ration
 v - 5 royal jellies


   Skills:
 - Level 10.0 Fighting
 - Level 8.3 Throwing
 - Level 7.2(9.5) Dodging
 * Level 11.4 Unarmed Combat
 - Level 1.2 Spellcasting
 - Level 8.0(11.5) Transmutations


You had 8 spell levels left.
You knew the following spells:

 Your Spells              Type           Power        Failure   Level  Hunger
a - Beastly Appendage     Tmut           ####..       1%          1    ##.....
b - Sticks to Snakes      Tmut           ####....     1%          2    ###....
c - Spider Form           Tmut/Pois      ###.......   7%          3    ####...


Dungeon Overview and Level Annotations

Branches:
Dungeon (12/15)            Temple (1/1) D:6            Lair (4/6) D:8
 Shoals (0/4) Lair:2        Snake (0/4) Lair:4          Orc (0/2) D:10

Altars:
Ashenzari
Cheibriados
Dithmenos
Elyvilon
Fedhas
Gozag
Hepliaklqana
Kikubaaqudgha
Makhleb
Nemelex Xobeh
Okawaru
Qazlal
Ru
Sif Muna
Trog
Uskayaw
Vehumet
Xom
Yredelemnul
Zin
The Shining One
Jiyva

Shops:
D:4 *   D:7 %

Annotations:
Lair:2 exclusion: 2 oklob plants


Innate Abilities, Weirdness & Mutations

You are too large for most types of armour.
You have claws for hands.
Your metabolism is lightning-fast.
You like to eat raw meat.
Your natural rate of healing is unusually fast.
You are covered in fur. (AC +1)
You have very tough skin. (AC +2)


Message History

* * * LOW HITPOINT WARNING * * *
You feel sick.
The komodo dragon bites you but does no damage.
Unknown command.
It was a potion of cancellation.
Your magical effects are unravelling.
You feel magically purged.
You feel less wooden.
Your cursed +1 cloak unmelds from your body.
The cursed +3 robe of Clouds {+Fly rElec} unmelds from your body.
A thin mist springs up around you!
* * * LOW HITPOINT WARNING * * *
You feel sick.
The spiny frog stings the plant!!
Cornered, the spiny frog turns to fight!
The komodo dragon closely misses you.
You claw the komodo dragon!
The komodo dragon is moderately wounded.
* * * LOW HITPOINT WARNING * * *
You feel sick. The komodo dragon bites you!
You die...

##....###..#.........P...†.....#
#...### ####........P....$.....##
#..Y## ##..............#.....P.
##...# #..##.##...P....#.......
##.P# ##.#..#.................
*#...## *#..............P.......
.#P...###.#..........#...........
.................l...#.........#.
.)..............@......Y......P..
...............>...F.P......(....
...............≈§.§..#..#.#...P..
.....###..#.........##.####......
.....# #####...........###.......
.....# ##[..........P........
.....# #..................... ..
#.................#P.. .. ,
##.....#.#.#.P####....


You could see an elephant (fleeing), a komodo dragon and a spiny frog.

Vanquished Creatures
  The ghost of ThereIsNoGod the Destroyer, a journeyman DrEE of Ru (Lair:2)
  A minotaur (Lab)
  3 hydras
  The ghost of vatarom the Protected, a journeyman FoFi of Ru (D:9)
  4 two-headed ogres
  Nergalle (Lair:2)
  An unseen horror (D:11)
  Pikel (D:6)
  An ugly thing (D:11)
  A manticore (Lair:2)
  4 black mambas
  A gargoyle (D:10)
  2 elephants (Lair:4)
  4 spiny frogs
  A rime drake (Lair:2)
  3 komodo dragons
  A hornet (Lair:4)
  2 trolls (D:10)
  5 blink frogs (Lair:1)
  11 hippogriffs
  A shadow (Lab)
  17 yaks
  A spriggan (D:8)
  2 wyverns
  3 basilisks
  Edmund (D:3)
  2 hell hounds (D:8)
  17 water moccasins
  4 orc warriors
  10 porcupines
  4 black bears
  An ice beast (D:6)
  3 phantoms
  A slave (D:6)
  A sky beast (D:11)
  3 ogres
  10 crocodiles
  5 centaurs
  2 big kobolds
  13 bullfrogs
  3 scorpions
  4 wights (D:6)
  2 troll skeletons (Lab)
  7 howler monkeys
  A centaur zombie (D:9)
  6 crimson imps
  10 orc wizards
  5 orc priests
  7 hounds
  2 jellies
  2 bullfrog skeletons
  5 iguanas
  10 worker ants
  A hound zombie (D:5)
  17 adders
  A shadow imp (D:9)
  2 oozes
  An adder zombie (D:6)
  An adder skeleton (D:8)
  A worm (D:3)
  A dart slug (D:1)
  6 leopard geckos
  45 orcs
  2 ball pythons
  7 bats
  5 giant cockroaches
  4 goblins
  4 hobgoblins
  6 jackals
  31 kobolds
  3 quokkas
  7 frilled lizards
  A quokka skeleton (D:4)
  4 rats
  A spectral orc (D:7)
365 creatures vanquished.

Vanquished Creatures (collateral kills)
  A centaur skeleton (D:12)
1 creature vanquished.

Vanquished Creatures (others)
  A black bear (D:6)
  A jackal (D:6)
  3 plants (Lair:2)
5 creatures vanquished.

Grand Total: 371 creatures vanquished

Notes
Turn   | Place    | Note
-------+----------+-------------------------------------------
     0 | D:1      | vatarom the Troll Transmuter began the quest for the Orb.
     0 | D:1      | Reached XP level 1. HP: 18/18 MP: 1/1
    20 | D:1      | Reached skill level 1 in Fighting
    84 | D:1      | Reached XP level 2. HP: 21/27 MP: 0/2
   571 | D:1      | Reached XP level 3. HP: 35/35 MP: 3/3
   650 | D:2      | Found a sparkling altar of Nemelex Xobeh.
  1349 | D:3      | Found a stormy altar of Qazlal.
  1353 | D:3      | Found a snail-covered altar of Cheibriados.
  1353 | D:3      | Found a deep blue altar of Sif Muna.
  1353 | D:3      | Found a hazy altar of Hepliaklqana.
  1353 | D:3      | Found a glowing golden altar of the Shining One.
  1446 | D:3      | Found a radiant altar of Vehumet.
  1703 | D:3      | Reached skill level 4 in Unarmed Combat
  1703 | D:3      | Reached XP level 4. HP: 29/42 MP: 2/4
  2189 | D:4      | Noticed Edmund
  2239 | D:3      | Killed Edmund
  2239 | D:3      | Reached XP level 5. HP: 23/53 MP: 3/5
  2289 | D:4      | Reached skill level 5 in Unarmed Combat
  2377 | D:4      | Reached XP level 6. HP: 47/62 MP: 3/6
  2664 | D:4      | Found Pucvyfes's Serpentskin Sales.
  2664 | D:4      | Noticed a water moccasin
  2676 | D:4      | Killed a water moccasin
  2676 | D:4      | Reached skill level 6 in Unarmed Combat
  2676 | D:4      | Reached XP level 7. HP: 28/70 MP: 3/7
  3034 | D:5      | Entered Level 5 of the Dungeon
  3139 | D:5      | Learned a level 2 spell: Sticks to Snakes
  3143 | D:5      | Learned a level 3 spell: Spider Form
  3272 | D:5      | Reached skill level 5 in Fighting
  3630 | D:5      | Reached skill level 7 in Unarmed Combat
  3703 | D:5      | Noticed an angel
  3704 | D:5      | Found a glowing silver altar of Zin.
  3810 | D:5      | Reached XP level 8. HP: 51/80 MP: 8/8
  4094 | D:6      | Noticed Pikel
  4106 | D:6      | Found a shadowy altar of Dithmenos.
  4122 | D:6      | Killed Pikel
  4122 | D:6      | Reached skill level 5 in Dodging
  4225 | D:6      | Reached XP level 9. HP: 49/88 MP: 9/9
  4364 | D:6      | Found a burning altar of Makhleb.
  4636 | D:6      | Found a staircase to the Ecumenical Temple.
  4696 | Temple   | Entered the Ecumenical Temple
  4820 | Temple   | Became a worshipper of Ashenzari the Shackled
  5143 | D:7      | Found a basalt altar of Yredelemnul.
  5229 | D:7      | Found a bloodstained altar of Trog.
  5425 | D:7      | Found Wik Zyty's Food Shoppe.
  5736 | D:8      | Noticed a two-headed ogre
  5744 | D:8      | Killed a two-headed ogre
  6109 | D:8      | Reached skill level 1 in Throwing
  6125 | D:8      | Found a staircase to the Lair.
  6248 | D:8      | Reached XP level 10. HP: 90/104 MP: 10/10
  6432 | D:8      | Noticed a two-headed ogre
  6438 | D:8      | Killed a two-headed ogre
  6598 | D:8      | Reached skill level 5 in Throwing
  6821 | D:9      | Reached * piety under Ashenzari
  6885 | D:9      | Noticed a two-headed ogre
  6902 | D:9      | Killed a two-headed ogre
  6947 | D:9      | Noticed vatarom's ghost (journeyman FoFi)
  7637 | D:9      | HP: 5/104 [vatarom's ghost (7)]
  7766 | D:10     | Entered Level 10 of the Dungeon
  7766 | D:10     | Found a staircase to the Orcish Mines.
  7769 | D:10     | Noticed a gargoyle
  7779 | D:10     | Killed a gargoyle
  8032 | D:10     | HP: 5/104 [centaur (6)]
  8035 | D:10     | HP: 2/104 [centaur (2)]
  8499 | D:10     | Reached ** piety under Ashenzari
  8921 | D:11     | Found a glowing golden altar of the Shining One.
  8986 | D:11     | Killed an unseen horror
  8986 | D:11     | Reached XP level 11. HP: 61/111 MP: 11/11
  9077 | D:11     | Noticed a cyan ugly thing
  9086 | D:11     | Killed a cyan ugly thing
  9464 | D:11     | Reached skill level 8 in Unarmed Combat
  9894 | D:9      | Killed vatarom's ghost
  9894 | D:9      | Reached skill level 9 in Unarmed Combat
  9975 | Lair:1   | Entered Level 1 of the Lair of Beasts
  9975 | Lair:1   | Noticed a four-headed hydra
  9982 | D:8      | HP: 1/113 [four-headed hydra (13)]
 10237 | D:8      | Killed a four-headed hydra
 10298 | D:8      | Reached skill level 10 in Unarmed Combat
 10843 | D:8      | Noticed a two-headed ogre
 10851 | D:8      | Killed a two-headed ogre
 11286 | D:4      | Bought 2 poisoned tomahawks for 28 gold pieces
 11286 | D:4      | Bought 3 poisoned tomahawks for 42 gold pieces
 11478 | Lair:1   | HP: 5/169 [blink frog (8)]
 11480 | Lair:1   | HP: 2/169 [blink frog (4)]
 12197 | Lair:1   | Reached *** piety under Ashenzari
 12422 | Lair:2   | Reached XP level 12. HP: 91/122 MP: 12/12
 12457 | Lair:2   | Noticed Nergalle
 12472 | Lair:2   | Killed Nergalle
 12472 | Lair:2   | Reached skill level 5 in Transmutations
 12581 | Lair:2   | Found a staircase to the Shoals.
 12602 | Lair:2   | Noticed ThereIsNoGod's ghost (journeyman DrEE)
 12620 | Lair:2   | Killed ThereIsNoGod's ghost
 12776 | Lair:2   | Found a labyrinth entrance.
 12792 | Lab      | Entered a labyrinth
 13051 | Lab      | Noticed a minotaur
 13062 | Lab      | Killed a minotaur
 13235 | Lab      | Identified the cursed +1 robe of Pira {*Slow rElec rCorr SInv}
 13235 | Lab      | Identified the +8 plate armour of Lucidity {rC+ Dex+7 Slay-4 Stlth+}
 13238 | Lab      | Got the flail of the Eternal Warrior {drain, rElec MR+ Str+2 Int+5}
 13414 | Lair:2   | Noticed a four-headed hydra
 13420 | Lair:2   | Killed a four-headed hydra
 14227 | Lair:3   | Reached skill level 10 in Fighting
 14732 | Lair:3   | Reached **** piety under Ashenzari
 14902 | Lair:4   | Reached XP level 13. HP: 131/133 MP: 13/13
 14903 | Lair:4   | Found a staircase to the Snake Pit.
 15030 | Lair:4   | Reached skill level 11 in Unarmed Combat
 15328 | Lair:4   | HP: 9/199 [poisoned by a spiny frog]
 15330 | Lair:4   | HP: 3/133 [poisoned by a spiny frog]
 15330 | Lair:4   | Demolished by a komodo dragon

Skill      XL: |  1  2  3  4  5  6  7  8  9 10 11 12 13 |
---------------+----------------------------------------+-----
Fighting       | 1 2 3 4 5 7 8 10 | 10.0
Unarmed Combat | 4 5 6 7 10 11 | 11.4
Dodging        | 2 6 7 |  7.2
Throwing       | 3 8 |  8.3
Transmutations | 4 8 |  8.0
Spellcasting   | |  1.2

Action                   |  1- 3 |  4- 6 |  7- 9 | 10-12 | 13-15 || total
-------------------------+-------+-------+-------+-------+-------++-------
Melee: Unarmed           |   134 |    99 |   262 |   625 |    83 ||  1203
       Punch             |       |     3 |    12 |    22 |       ||    37
       Kick              |       |       |     1 |       |       ||     1
       Headbutt          |       |       |       |     6 |       ||     6
Throw: Javelin           |       |       |     2 |    26 |       ||    28
 Cast: Sticks to Snakes  |       |       |     1 |     3 |       ||     4
       Beastly Appendage |       |       |     1 |     5 |       ||     6
       Spider Form       |       |       |       |    19 |     9 ||    28
Invok: Curse Item        |       |       |       |     6 |       ||     6
 Abil: End Transformatio |       |       |       |     1 |       ||     1
Evoke: Box of beasts     |       |       |     1 |       |       ||     1
       Wand              |       |       |       |     2 |       ||     2
       Lightning rod     |       |       |       |     2 |       ||     2
  Use: Scroll            |     7 |       |     8 |    11 |     2 ||    28
       Potion            |     2 |     2 |     2 |     9 |     3 ||    18
 Stab: Sleeping          |     1 |       |     2 |       |       ||     3
       Distracted        |       |       |       |     1 |       ||     1
  Eat: Chunk             |    12 |    15 |    34 |    69 |     5 ||   135
       Fruit             |     1 |       |       |       |       ||     1
       Bread ration      |       |       |       |     2 |       ||     2
       Meat ration       |       |       |       |     1 |       ||     1
Armor: Robe              |    49 |    11 |    19 |     3 |     1 ||    83
       Animal skin       |       |       |    37 |   124 |       ||   161
       Skin              |       |       |       |    29 |     3 ||    32
Dodge: Dodged            |    67 |    41 |   107 |   424 |   101 ||   740
Block: Other             |     5 |    15 |    23 |   109 |    19 ||   171
       Reflection        |       |     1 |     2 |     2 |       ||     5
